 Dungeon Crawl Stone Soup version 0.30-b1-5-g8e6c1be481 (webtiles) character file.

Game seed: 7628693847083787987

356 RascalDebosk the Magician (level 6, -2/46 HPs)
             Began as a Djinni Conjurer on May 4, 2023.
             Slain by an iguana (4 damage)
             ... on level 4 of the Dungeon.
             The game lasted 00:15:16 (2470 turns).

RascalDebosk the Magician (Djinni Conjurer)         Turns: 2470, Time: 00:15:16

Health: -2/46      AC:  3    Str:  6    XL:     6   Next: 96%
Gold:   163        EV: 12    Int: 22    God:
                   SH:  0    Dex: 11

rFire   + + .        p - +0 great sword
rCold   x . .        (shield currently unavailable)
rNeg    . . .        a - +0 robe
rPois   ∞            m - +0 helmet
rElec   .            (no cloak)
rCorr   .            (no gloves)
SInv    .            (boots unavailable)
Will    .....        (no amulet)
Stlth   ++           q - ring of wizardry
HPRegen 0.27/turn    (no ring)
MPRegen 0.00/turn

%: wizardry (x1), infuse magic (-3 HP)
@: flying, very slightly contaminated
A: sickness immunity, fire resistance 2, cold vulnerability 1, float, innate
caster, HP casting, extra vitality 1
a: no special abilities


You were on level 4 of the Dungeon.
You visited 1 branch of the dungeon, and saw 4 of its levels.

You collected 163 gold pieces.

Inventory:

Hand Weapons
 p - a +0 great sword (weapon)
Missiles
 o - 2 throwing nets {@!f}
Armour
 a - a +0 robe (worn)
 m - a +0 helmet (worn)
Jewellery
 q - a ring of wizardry (left hand)
Scrolls
 b - a scroll of blinking {unknown}
 c - 4 scrolls of immolation {unknown}
 f - a scroll of magic mapping {unknown}
 i - 6 scrolls of identify {unknown}
 j - 2 scrolls of vulnerability {unknown}
 k - 2 scrolls of noise {unknown}
 n - 4 scrolls of enchant weapon {unknown}
 r - a scroll of silence {unknown}
Potions
 d - a potion of flight {unknown}
 e - a potion of heal wounds {unknown}
 g - a potion of brilliance {unknown}
 h - a potion of curing {unknown}
 l - 2 potions of lignification {unknown}


   Skills:
 + Level 3.0 Fighting
 + Level 2.8 Armour
 - Level 2.1 Dodging
 - Level 1.5 Stealth
 * Level 4.8 Spellcasting


You knew the following spells:

 Your Spells              Type           Power      Damage    Failure   Level
a - Magic Dart            Conj           100%       1d8       1%          1
b - Searing Ray           Conj           52%        2d6       1%          2
c - Dazzling Flash        Conj/Hex       52%        N/A       1%          3
d - Fulminant Prism       Conj/Hex       13%        3d9       6%          4
e - Iskenderun's Mystic   Conj/Tloc      26%        2d7       6%          4
f - Sting                 Tmut/Pois      100%       1d8       1%          1
g - Blink                 Tloc           52%        N/A       1%          2
Your spell library was empty.

Dungeon Overview and Level Annotations

Branches:
Dungeon (4/15)
 Temple: D:4-7

Altars:
Nemelex Xobeh

Shops:
D:2 :   D:4 :


Innate Abilities, Weirdness & Mutations

You are immune to sickness and miasma.
You are immune to poison.
Your flesh is very heat resistant. (rF++)
You are vulnerable to cold. (rC-)
You float through the air rather than walking.
You learn spells naturally, not from books.
Your magical power is your life essence.
You have superior vitality. (+4 MHP)


Message History

Aiming: Magic Dart (safe; 1% risk of failure)
Press: ? - help, Shift-Dir - straight line, f/p - scorpion
Aim: a scorpion (heavily wounded, 100% to hit)
The magic dart hits the scorpion.
The scorpion is almost dead.
The scorpion stings you but does no damage.
Casting: Magic Dart (safe; 1% risk of failure)
Confirm with . or Enter, or press ? or * to list all spells.
Aiming: Magic Dart (safe; 1% risk of failure)
Press: ? - help, Shift-Dir - straight line, f/p - scorpion
Aim: a scorpion (almost dead, 100% to hit)
The magic dart hits the scorpion.
You kill the scorpion!
Your Fighting skill increases to level 3!
HP restored.
Found an escape hatch in the floor.
Found Luditiaf's Book Shop.
An iguana comes into view.
The iguana moves out of view.
There is an entrance to Luditiaf's Book Shop here.
Casting: Magic Dart (safe; 1% risk of failure)
Confirm with . or Enter, or press ? or * to list all spells.
Aiming: Magic Dart (safe; 1% risk of failure)
Press: ? - help, Shift-Dir - straight line, f - iguana
Aim: an iguana (wandering, hasn't noticed you, 100% to hit)
The magic dart hits the iguana but does no damage.
Casting: Magic Dart (safe; 1% risk of failure)
Confirm with . or Enter, or press ? or * to list all spells.
Aiming: Magic Dart (safe; 1% risk of failure)
Press: ? - help, Shift-Dir - straight line, f/p - iguana
Aim: an iguana (100% to hit)
The magic dart hits the iguana but does no damage.
The iguana hisses menacingly.
The iguana bites you but does no damage.
Casting: Magic Dart (safe; 1% risk of failure)
Confirm with . or Enter, or press ? or * to list all spells.
Aiming: Magic Dart (safe; 1% risk of failure)
Press: ? - help, Shift-Dir - straight line, f/p - iguana
Aim: an iguana (100% to hit)
The magic dart hits the iguana.
The iguana is moderately wounded.
The iguana misses you.
Casting: Magic Dart (safe; 1% risk of failure)
Confirm with . or Enter, or press ? or * to list all spells.
Aiming: Magic Dart (safe; 1% risk of failure)
Press: ? - help, Shift-Dir - straight line, f/p - iguana
Aim: an iguana (moderately wounded, 100% to hit)
The magic dart hits the iguana but does no damage.
The iguana is moderately wounded.
The iguana bites you!
Casting: Magic Dart (safe; 1% risk of failure)
Confirm with . or Enter, or press ? or * to list all spells.
Aiming: Magic Dart (safe; 1% risk of failure)
Press: ? - help, Shift-Dir - straight line, f/p - iguana
Aim: an iguana (moderately wounded, 100% to hit)
The magic dart hits the iguana but does no damage.
The iguana is moderately wounded.
The iguana bites you!
* * * LOW HITPOINT WARNING * * *
Casting: Magic Dart (safe; 1% risk of failure)
Confirm with . or Enter, or press ? or * to list all spells.
Aiming: Magic Dart (safe; 1% risk of failure)
Press: ? - help, Shift-Dir - straight line, f/p - iguana
Aim: an iguana (moderately wounded, 100% to hit)
The magic dart hits the iguana but does no damage.
The iguana is moderately wounded.
* * * LOW HITPOINT WARNING * * *
The iguana barely misses you.
Casting: Magic Dart (safe; 1% risk of failure)
Confirm with . or Enter, or press ? or * to list all spells.
Aiming: Magic Dart (safe; 1% risk of failure)
Press: ? - help, Shift-Dir - straight line, f/p - iguana
Aim: an iguana (moderately wounded, 100% to hit)
The magic dart hits the iguana!
The iguana is severely wounded.
* * * LOW HITPOINT WARNING * * *
The iguana closely misses you.
Casting: Magic Dart (safe; 1% risk of failure)
Confirm with . or Enter, or press ? or * to list all spells.
You erupt in a blast of force!
The mystic blast hits the iguana.
The iguana is almost dead.
The iguana is knocked back by the mystic blast.
The iguana slams into the rock wall!
* * * LOW HITPOINT WARNING * * *
Casting: Iskenderun's Mystic Blast (dangerous; 6% risk of failure)
Confirm with . or Enter, or press ? or * to list all spells.
You miscast Iskenderun's Mystic Blast.
You are very lightly contaminated with residual magic.
Nothing appears to happen.
* * * LOW HITPOINT WARNING * * *
The iguana bites you!
* * * LOW HITPOINT WARNING * * *
Casting: Iskenderun's Mystic Blast (dangerous; 6% risk of failure)
Confirm with . or Enter, or press ? or * to list all spells.
You miscast Iskenderun's Mystic Blast.
Nothing appears to happen.
* * * LOW HITPOINT WARNING * * *
The iguana barely misses you.
A gnoll comes into view. It is wielding a +0 halberd.
The iguana attacks as you move away! The iguana bites you.
You die...

#.....#.#.#
##.####.#.##
#. ##≈≈≈..#
# ##≈≈~≈~.#
#.≈≈∩...#
#.≈≈≈~~##
#.#≈≈≈.#
#.#.####.#
#....l@..#
###.######
#. #. #. #.
#g #.


You could see an iguana.

Vanquished Creatures
  Sigmund (D:2)
  A scorpion (D:4)
  An orc priest (D:3)
  4 adders
  2 dart slugs
  3 orcs (D:3)
  6 bats
  10 endoplasms
  A giant cockroach (D:2)
  2 goblins
  7 hobgoblins
  2 jackals (D:1)
  3 kobolds
  5 quokkas
  6 ball pythons
  6 frilled lizards
  4 rats
64 creatures vanquished.

Vanquished Creatures (others)
  2 fulminant prisms
2 creatures vanquished.

Grand Total: 66 creatures vanquished

Notes
Turn   | Place    | Note
-------+----------+-------------------------------------------
     0 | D:1      | RascalDebosk the Djinni Conjurer began the quest for the
                  | Orb.
     0 | D:1      | RascalDebosk set off with the following spells memorised:
                  | Magic Dart, Searing Ray, Dazzling Flash, Fulminant Prism,
                  | Iskenderun's Mystic Blast.
     0 | D:1      | Reached XP level 1. HP: 15/15 MP: 0/0
   187 | D:1      | Reached XP level 2. HP: 19/22 MP: 0/0
   527 | D:1      | Reached skill level 1 in Fighting
   550 | D:1      | Reached XP level 3. HP: 24/27 MP: 0/0
   550 | D:1      | Learned a level 1 spell: Sting
   736 | D:2      | Reached skill level 1 in Armour
   960 | D:2      | Found a sparkling altar of Nemelex Xobeh.
  1147 | D:2      | Reached XP level 4. HP: 30/32 MP: 0/0
  1165 | D:2      | Found Abboann's Book Boutique.
  1367 | D:2      | Noticed Sigmund
  1372 | D:2      | Killed Sigmund
  1373 | D:2      | Reached skill level 4 in Spellcasting
  1373 | D:2      | Reached XP level 5. HP: 19/39 MP: 0/0
  1373 | D:2      | Learned a level 2 spell: Blink
  1373 | D:2      | Reached XP level 6. HP: 22/45 MP: 0/0
  1784 | D:3      | Found a sparkling altar of Nemelex Xobeh.
  2444 | D:4      | Found Luditiaf's Book Shop.
  2470 | D:4      | Slain by an iguana

Illustrated notes

Levels and vault maps discovered:
D:1:      lightli_arrival_flooded_house, layout_loops_ring, minivault_11,
          minmay_misc_feat_five
D:2:      layout_basic, serial_shops, shop, basic_altar, uniq_sigmund
D:3:      layout_loops_ring, mainiacjoe_overflow_alcove_4
D:4:      layout_basic, jmf_multi_god_temple2, minmay_temple_entry_fiery,
          serial_shops, nicolae_shop_getting_attention,
          nicolae_shop_pleasant_corner_grove, shop, nicolae_shop_waterfront,
          uniq_natasha, uniq_crazy_yiuf_cottage, uniq_ijyb

Skill      XL: |  1  2  3  4  5  6 |
---------------+-------------------+-----
Fighting       | 1 2 3 |  3.0
Armour         | 1 2 |  2.8
Spellcasting   | 4 |  4.8
Dodging        | |  2.1
Stealth        | |  1.5

Action                     |  1- 3 |  4- 6 || total
---------------------------+-------+-------++-------
  Melee: Unarmed           |     4 |       ||     4
         Great sword       |       |    11 ||    11
   Cast: Magic Dart        |    60 |    53 ||   113
         Searing Ray       |     5 |     2 ||     7
         Sting             |     1 |     1 ||     2
         Iskenderun's Myst |       |     3 ||     3
         Fulminant Prism   |       |     2 ||     2
 Armour: Robe              |     7 |     5 ||    12
  Dodge: Dodged            |    15 |    16 ||    31
